 Dungeon Crawl Stone Soup version 0.18-a0-993-g4a3b7c7 (webtiles) character file.

4 kroki the Skirmisher (level 1, 0/18 HPs)
             Began as a Formicid Berserker on Jan 4, 2016.
             Was a Follower of Trog.
             Slain by a jackal (3 damage)
             ... on level 1 of the Dungeon.
             The game lasted 00:00:13 (175 turns).

kroki the Skirmisher (Formicid Berserker)            Turns: 175, Time: 00:00:13

Health: 0/18       AC:  2    Str: 21    XL:     1   Next: 77%
Magic:  1/1        EV: 12    Int:  6    God:    Trog [*.....]
Gold:   5          SH:  0    Dex: 10    Spells: 0 memorised, 0 levels left

rFire  . . .     SeeInvis +     a - +0 hand axe
rCold  . . .     Gourm    .     b - +0 animal skin
rNeg   . . .     Faith    .     (no shield)
rPois  .         Spirit   .     (helmet unavailable)
rElec  .         Dismiss  .     (no cloak)
rCorr  .         Reflect  .     (no gloves)
SustAt .         Harm     .     (no boots)
MR     .....                    (no amulet)
Stlth  +.........               (no ring)
                                (no ring)

@: not resistant to hostile enchantments, very unstealthy
A: permanent stasis, dig shafts and tunnels, four strong arms, antennae 3
a: Dig, Shaft Self, Burn Spellbooks, Renounce Religion


You were on level 1 of the Dungeon.
You worshipped Trog.
Trog was aware of your devotion.
You were not hungry.

You visited 1 branch of the dungeon, and saw 1 of its levels.

You collected 5 gold pieces.

Inventory:

Hand Weapons
 a - a +0 hand axe (weapon)
Armour
 b - a +0 animal skin (worn)
Jewellery
 e - an uncursed ring of sustain attributes {unknown}
   (You found it on level 1 of the Dungeon)
Comestibles
 c - a bread ration {@e1}
 d - a chunk of flesh {@w0}


   Skills:
 - Level 3.4 Fighting
 + Level 3.2 Axes
 - Level 2.1 Armour
 - Level 1.7 Dodging


You couldn't memorise any spells.
You didn't know any spells.

Dungeon Overview and Level Annotations

Branches:
Dungeon (1/15)

Altars:


Innate Abilities, Weirdness & Mutations

You are under a permanent stasis effect.
You can dig through walls and to a lower floor.
Your four strong arms can wield two-handed weapons with a shield.
You have a pair of large antennae on your head (SInv).


Message History

Welcome, kroki the Formicid Berserker.
Will you be the one to retrieve the fabulous Orb of Zot from the depths?
Trog says: Kill them all!
Found a staircase leading out of the dungeon.
You open the door.
There is an open door here.
There is an open door here.
You open the door.
There is an open door here.
You sense a monster nearby.
A bat comes into view.
A bat is nearby!
A bat is nearby!
A bat is nearby!
The bat hits you but does no damage. The bat misses you.
You barely miss the bat. The bat misses you.
You hit the bat.
You kill the bat!
Trog accepts your kill.
There are no items here.
You see here a bat corpse.
You butcher the bat corpse.
d - a chunk of flesh {@w0} There isn't anything here!
There isn't anything here!
There isn't anything here!
There isn't anything here!
You now have 5 gold pieces.
A goblin comes into view. It is wielding a dagger of draining.
A goblin is nearby!
The goblin shouts!
You slash the goblin!
You kill the goblin!
Trog accepts your kill.
e - a large silver ring You sense a monster nearby.
You sense a monster nearby.
You sense a monster nearby.
Unknown command.
A bat and 4 jackals come into view.
The jackal barks! x3
The bat hits you but does no damage.
There are monsters nearby!
You closely miss the bat. The bat misses you.
You hit the jackal. The bat misses you. The jackal bites you.
You take 3 damage, and have 15/18 hp.
You hit the jackal.
You kill the jackal!
Trog accepts your kill.
The jackal bites you but does no damage.
You hit the jackal but do no damage. The jackal barely misses you.
You closely miss the jackal. x2
The jackal bites you. The jackal barely misses you. The jackal bites you.
The jackal barely misses you.
You take 4 damage, and have 11/18 hp.
MASSIVE DAMAGE!!
The bat closely misses you. The bat hits you but does no damage.
The bat barely misses you. The bat completely misses you.
The bat closely misses you.
You hit the bat. The bat hits you but does no damage.
You closely miss the bat. The bat hits you but does no damage.
The bat hits you but does no damage.
You miss the bat. The bat closely misses you.
The bat hits you but does no damage.
You slash the bat!
You kill the bat!
Trog accepts your kill. The jackal bites you.
You hit the jackal but do no damage. The jackal closely misses you.
You hit the jackal.
The jackal bites you but does no damage.
The jackal barely misses you.
You barely miss the jackal. The jackal closely misses you.
The jackal closely misses you.
You barely miss the jackal. The jackal bites you.
You take 1 damage, and have 10/18 hp.
You closely miss the jackal. The jackal closely misses you.
The jackal barely misses you.
You barely miss the jackal. The jackal bites you.
You take 2 damage, and have 8/18 hp.
You closely miss the jackal. The jackal bites you.
The jackal barely misses you.
You take 2 damage, and have 6/18 hp.
You hit the jackal but do no damage. The jackal bites you.
* * * LOW HITPOINT WARNING * * *
The jackal closely misses you.
You take 1 damage, and have 5/18 hp.
You closely miss the jackal. The jackal bites you.
* * * LOW HITPOINT WARNING * * *
You take 2 damage, and have 3/18 hp.
You barely miss the jackal. The jackal barely misses you.
The jackal barely misses you.
You hit the jackal. The jackal bites you.
You die...

#.######.##.#######
#.######.##.#
#...........#
#.######.#..#
#.######.#..####
#..............#
#...####.#..##.# #...#
#.#..##.#
#...####....##@#
#........#..##h########
#....#.#.#..##h#.h.....
#....#.#......#..#
#..###.###...#....(....
#..#.....#..##.##..####
#..#######[.##.# #.#
#..≈≈≈≈≈≈≈..##.# .#
#..#######...#.. #


You could see 2 jackals.

Vanquished Creatures
  2 bats (D:1)
  A goblin (D:1)
  A jackal (D:1)
4 creatures vanquished.

Notes
Turn   | Place    | Note
--------------------------------------------------------------
     0 | D:1      | kroki the Formicid Berserker began the quest for the Orb.
     0 | D:1      | Reached XP level 1. HP: 18/18 MP: 1/1
   173 | D:1      | HP: 3/18 [jackal (2)]
   175 | D:1      | Slain by a jackal

Vault maps used:
D:1:      tarquinn_simple_flora_water_f, grunt_decor_cap

Action                   || total
-------------------------++-------
Melee: Hand axe          ||    23

Vault maps used:
D:1:      tarquinn_simple_flora_water_f, grunt_decor_cap

Table legend:
 A = Turns spent in this place as a percentage of turns spent in the entire game.
 B = Non-inter-level travel turns spent in this place as a percentage of non-inter-level travel turns spent in the entire game.
 C = Inter-level travel turns spent in this place as a percentage of turns spent in this place.
 D = Turns resting spent in this place as a percentage of non-inter-level travel turns spent in this place.
 E = Turns spent auto-exploring this place as a percentage of non-inter-level travel turns spent in this place.
 F = Non-inter-level travel turns spent in this place divided by the number of levels of this place that you've seen.
                   A       B       C       D       E      F
               +-------+-------+-------+-------+-------+----------------------
         Total | 100.0 | 100.0 |   0.0 |   0.0 |   7.0 | 115.0
       Dungeon | 100.0 | 100.0 |   0.0 |   0.0 |   7.0 | 115.0
               +-------+-------+-------+-------+-------+----------------------

Table legend:
 A = Kills in this place as a percentage of kills in entire the game.
 B = Kills by you in this place as a percentage of kills by you in the entire game.
 C = Kills by friends in this place as a percentage of kills by friends in the entire game.
 D = Other kills in this place as a percentage of other kills in the entire game.
 E = Experience gained in this place as a percentage of experience gained in the entire game.
 F = Experience gained in this place divided by the number of levels of this place that you have seen.
                   A       B       C       D       E      F
               +-------+-------+-------+-------+-------+----------------------
         Total | 100.0 | 100.0 |  -nan |  -nan | 100.0 |   7.0
       Dungeon | 100.0 | 100.0 |  -nan |  -nan | 100.0 |   7.0
               +-------+-------+-------+-------+-------+----------------------
